 Dungeon Crawl Stone Soup version 0.27-a0-1196-g3e9cee4cb2 (webtiles) character file.

Game seed: 17895498857924979666

108 Azzok the Chopper (level 4, -5/35 HPs)
             Began as a Demonspawn Berserker on May 29, 2021.
             Was a Believer of Trog.
             Slain by an orc priest
             ... wielding a +0 hand axe
              (6 damage)
             ... on level 3 of the Dungeon.
             The game lasted 00:02:13 (3250 turns).

Azzok the Chopper (Demonspawn Berserker)            Turns: 3250, Time: 00:02:14

Health: -5/35      AC:  5    Str: 18    XL:     4   Next: 58%
Magic:  4/4        EV: 11    Int:  9    God:    Trog [**....]
Gold:   160        SH:  0    Dex: 12    Spells: 3/3 levels left

rFire    . . .     SeeInvis .   a - +0 hand axe
rCold    . . .     Faith    .   (no shield)
rNeg     . . .     Spirit   .   e - +0 ring mail
rPois    .         Reflect  .   (helmet restricted)
rElec    .         Harm     .   (no cloak)
rCorr    .         Rampage  .   (no gloves)
Will     .....                  (no boots)
Stlth    +.........             (no amulet)
HPRegen  0.11/turn              (no ring)
MPRegen  0.09/turn              (no ring)

@: no status effects
A: antennae 2, powered by death 1
a: Renounce Religion, Berserk, Trog's Hand


You were on level 3 of the Dungeon.
You worshipped Trog.
Trog was pleased with you.
You visited 1 branch of the dungeon, and saw 3 of its levels.

You collected 160 gold pieces.

Inventory:

Hand Weapons
 a - a +0 hand axe (weapon)
Missiles
 b - a throwing net
Armour
 e - a +0 ring mail (worn)
Jewellery
 h - a ring of flight
Scrolls
 c - a scroll of enchant armour {unknown}
 d - 2 scrolls of identify {unknown}
Potions
 f - a potion of haste {unknown}
 g - 2 potions of ambrosia {unknown}


   Skills:
 - Level 3.0 Fighting
 + Level 4.9 Axes
 - Level 1.7 Armour
 - Level 1.7 Dodging


You had 3 spell levels left.
You didn't know any spells.
Your spell library was empty.

Dungeon Overview and Level Annotations

Branches:
Dungeon (3/15)

Altars:


Innate Abilities, Weirdness & Mutations

You have a pair of antennae on your head.
You regenerate a little health from kills.


Message History

Beogh smites you!
There is a stone staircase leading up, spattered with blood here.
You climb upwards.
There is a stone staircase leading down here.
You climb downwards.
There is a stone staircase leading up, spattered with blood here.
You hit the orc priest.
The orc priest is lightly wounded.
The orc priest hits you but does no damage.
You hit the orc priest but do no damage.
The orc priest is lightly wounded.
The orc priest hits you with a +0 hand axe.
You hit the orc priest.
The orc priest is lightly wounded.
The orc priest miscasts a cantrip.
You completely miss the orc priest.
The orc priest is lightly wounded.
The orc priest hits you with a +0 hand axe.
You closely miss the orc priest.
The orc priest is lightly wounded.
The orc priest hits you with a +0 hand axe.
You slash the orc priest!
The orc priest is severely wounded.
The orc priest mumbles some strange prayers to Beogh against you.
Pain shoots through your body!
You barely miss the orc priest.
The orc priest is severely wounded.
The orc priest hits you with a +0 hand axe.
You closely miss the orc priest.
The orc priest is severely wounded.
The orc priest hits you with a +0 hand axe.
You closely miss the orc priest.
The orc priest is severely wounded.
The orc priest calls down the wrath of Beogh upon you.
Beogh smites you!
* * * LOW HITPOINT WARNING * * *
You hit the orc priest but do no damage.
The orc priest is severely wounded.
The orc priest hits you with a +0 hand axe.
You die...

▒·······▒▒·▒
▒·······▒··▒
▒·······▒··▒
▒▒·····▒▒··▒▒▒▒▒·▒
▒▒················
▒··········▒▒▒▒▒··
▒··········▒
▒······)o)·▒
▒▒······@†▒▒▒·▒
▒▒···▒·<·····▒
▒·····▒▒···▒▒▒▒▒
▒···(············
▒······▒··▒▒▒····
▒▒▒···▒▒·(▒ ▒▒·
▒▒▒▒ ▒··· ····
····


You could see an orc priest.

Vanquished Creatures
  2 adders (D:2)
  4 gnolls
  4 ball pythons
  5 endoplasms
  A giant cockroach (D:1)
  6 goblins
  A hobgoblin (D:1)
  9 jackals
  2 quokkas (D:1)
  2 bats
  4 frilled lizards
  5 kobolds
  7 rats
52 creatures vanquished.

Notes
Turn   | Place    | Note
-------+----------+-------------------------------------------
     0 | D:1      | Azzok the Demonspawn Berserker began the quest for the Orb.
     0 | D:1      | Reached XP level 1. HP: 18/18 MP: 1/1
   163 | D:1      | Reached skill level 3 in Axes
   396 | D:1      | Gained mutation: You have a pair of small antennae on your
                  | head. [demonic ancestry]
   396 | D:1      | Reached XP level 2. HP: 24/24 MP: 2/2
  1298 | D:2      | Reached skill level 4 in Axes
  1298 | D:2      | Gained mutation: You have a pair of antennae on your head.
                  | [demonic ancestry]
  1298 | D:2      | Reached XP level 3. HP: 23/29 MP: 3/3
  2901 | D:2      | Gained mutation: You regenerate a little health from kills.
                  | [demonic ancestry]
  2901 | D:2      | Reached XP level 4. HP: 21/35 MP: 4/4
  3035 | D:3      | Reached ** piety under Trog
  3249 | D:3      | HP: 1/35 [orc priest/divine providence (14)]
  3250 | D:3      | Slain by an orc priest

Illustrated notes

Levels and vault maps discovered:
D:1:      dpeg_arrival_chambers_temple_mockup, layout_loops_corners,
          serial_glass, glass_columns_b, glass_columns_c, minmay_ruptured
D:2:      layout_basic, serial_co_window_serial, co_window_paths_b,
          co_window_paths_b, co_window_corner_a, co_window_paths_b,
          co_window_corner_a, co_window_corner_a, co_window_corner_a,
          co_window_corner_ca, co_window_corner_ca, co_window_cross_2,
          co_window_of_opportunity_b, co_window_cross_2, co_window_broadway_b,
          co_window_4corner_b, glass_columns_c
D:3:      lemuel_castle_with_subvaults [lemuel_castle_interior_carwin_1],
          layout_rooms

Skill      XL: |  1  2 |
---------------+-------+-----
Axes           | 3 4 |  4.9
Fighting       | |  3.0
Armour         | |  1.7
Dodging        | |  1.7

Action                   |  1- 3 |  4- 6 || total
-------------------------+-------+-------++-------
Melee: Hand axe          |   128 |    18 ||   146
Invok: Berserk           |       |     1 ||     1
Armor: Ring mail         |    51 |     8 ||    59
Dodge: Dodged            |    66 |    14 ||    80

Table legend: (Time is in decaauts)
 A = Elapsed time spent in this place.
 B = Non-inter-level travel time spent in this place.
 C = Inter-level travel time spent in this place.
 D = Time resting spent in this place.
 E = Time spent auto-exploring this place.
 F = Levels seen in this place.
 G = Mean time per level.
                   A        B        C        D        E       F      G
               +--------+--------+--------+--------+--------+-----+--------+
         Total |   3277 |   3158 |    119 |    331 |   2430 |   3 | 1092.3 |
       Dungeon |   3277 |   3158 |    119 |    331 |   2430 |   3 | 1092.3 |
               +--------+--------+--------+--------+--------+-----+--------+

Top non-repeatable levels by time:
     D:2: 2058 daAuts
     D:1: 1163 daAuts
     D:3: 55 daAuts
